SAAA
FLORIDA MEN @ SALT LAKE CITY BUZZ
09/14/2033
 
TOP OF THE 1ST
Florida Men batting - Pitching for Salt Lake City Buzz : RHP Paco Manuel
Pitching: RHP Paco Manuel
Batting: LHB Jim Halpert 0-0: Called Strike
0-1: Foul Ball, location: 2F
0-2: Foul Ball, location: 2F
0-2: Ball
1-2: DOUBLE (Line Drive, 78M)
Batting: RHB Todd Sentell 0-0: Foul Ball, location: 2F
0-1: Swinging Strike
0-2: Ball
1-2: Hit by Pitch
Batting: LHB Shunso Kiyomizu 0-0: Fly out, F8 (Flyball, 8LM)
Batting: RHB Jorge Díaz 0-0: Called Strike
0-1: Ball
1-1: Foul Ball, location: 2F
1-2: Ball
2-2: Ball
3-2: Base on Balls
Jim Halpert to third
Todd Sentell to second
Batting: SHB Seishiro Nishimura 0-0: Ball
1-0: SINGLE (Line Drive, 4MD)
Jim Halpert scores
Todd Sentell to third
Jorge Díaz to second
Batting: RHB José Córdova 0-0: Ball
1-0: Fly out, F7 (Flyball, 7LMF)
Runner from 3rd tags up, SCORES, no throw
Batting: LHB Alfred Miles 0-0: Ball
1-0: Called Strike
1-1: Ball
2-1: Foul Ball, location: 2F
2-2: Strikes out swinging
Top of the 1st over - 2 runs, 2 hits, 0 errors, 2 left on base; Florida 2 - Salt Lake City 0
BOTTOM OF THE 1ST
Salt Lake City Buzz batting - Pitching for Florida Men : RHP Joshua Long
Pitching: RHP Joshua Long
Batting: RHB Yoichibei Chikafuji 0-0: Called Strike
0-1: Swinging Strike
0-2: Strikes out looking
Batting: RHB Germán Espantoso 0-0: Ball
1-0: Called Strike
1-1: Foul Ball, location: 2F
1-2: Ball
2-2: Ground out 4-3 (Groundball, 4)
Batting: RHB Giobbe Bastedo 0-0: Foul Ball, location: 2F
0-1: SINGLE (Line Drive, 56)
Batting: RHB Luo-lang Li 0-0: Ball
Giobbe Bastedo is caught stealing 2nd base
Bottom of the 1st over - 0 runs, 1 hit, 0 errors, 0 left on base; Florida 2 - Salt Lake City 0
TOP OF THE 2ND
Florida Men batting - Pitching for Salt Lake City Buzz : RHP Paco Manuel
Batting: RHB Henry Lambright 0-0: Called Strike
0-1: Ball
1-1: Called Strike
1-2: Foul Ball, location: 2F
1-2: Ball
2-2: Ground out 1-3 (Groundball, 13)
Batting: RHB Mesa Altuve 0-0: Ball
1-0: Ball
2-0: Called Strike
2-1: Foul Ball, location: 2F
2-2: Hit by Pitch
Batting: LHB Jim Halpert 0-0: Ball
1-0: Foul Ball, location: 2F
1-1: Ball
2-1: SINGLE (Flyball, 7S)
Mesa Altuve to second
Batting: RHB Todd Sentell 0-0: Ball
1-0: Fly out, F7 (Line Drive, 7)
Batting: LHB Shunso Kiyomizu 0-0: Called Strike
0-1: Called Strike
0-2: Ball
1-2: Ball
2-2: DOUBLE (Flyball, 78XD)
Mesa Altuve scores
Jim Halpert to third
Runner from 3rd tries for Home, SAFE, throw made at trailing runner, OUT at third!
Top of the 2nd over - 2 runs, 2 hits, 0 errors, 0 left on base; Florida 4 - Salt Lake City 0
BOTTOM OF THE 2ND
Salt Lake City Buzz batting - Pitching for Florida Men : RHP Joshua Long
Batting: RHB Luo-lang Li 0-0: Called Strike
0-1: Called Strike
0-2: Ball
1-2: Foul Ball, location: 2F
1-2: Ball
2-2: Foul Ball, location: 2F
2-2: Ball
3-2: Foul Ball, location: 2F
3-2: Foul Ball, location: 2F
3-2: Ground out 5-3 (Groundball, 56S)
Pitching: RHP Brad Cunnick
Batting: LHB Orlando Casillas 0-0: Swinging Strike
0-1: Foul Ball, location: 2F
0-2: Ball
1-2: Foul Ball, location: 2F
1-2: Fly out, F9 (Flyball, 9LM)
Batting: RHB Vicente Cruz 0-0: Swinging Strike
0-1: Foul Ball, location: 2F
0-2: Strikes out swinging, 2-3 out at first.
Bottom of the 2nd over - 0 runs, 0 hits, 0 errors, 0 left on base; Florida 4 - Salt Lake City 0
TOP OF THE 3RD
Florida Men batting - Pitching for Salt Lake City Buzz : RHP Paco Manuel
Batting: RHB Jorge Díaz 0-0: Called Strike
0-1: Foul Ball, location: 2F
0-2: Fly out, F8 (Flyball, 8LXD)
Batting: SHB Seishiro Nishimura 0-0: Ball
1-0: Ball
2-0: Ball
3-0: Called Strike
3-1: Foul Ball, location: 2F
3-2: Foul Ball, location: 2F
3-2: Ground out 6-3 (Groundball, 6)
Batting: RHB José Córdova 0-0: Called Strike
0-1: Ground out 6-3 (Groundball, 6)
Top of the 3rd over - 0 runs, 0 hits, 0 errors, 0 left on base; Florida 4 - Salt Lake City 0
BOTTOM OF THE 3RD
Salt Lake City Buzz batting - Pitching for Florida Men : RHP Brad Cunnick
Batting: RHB Fytor Ceia 0-0: Ball
1-0: Fly out, F8 (Flyball, 78XD)
Batting: RHB Fontana Contaldo 0-0: Ball
1-0: Ball
2-0: Called Strike
2-1: Foul Ball, location: 2F
2-2: Strikes out swinging
Batting: RHB Olaf Esveld 0-0: Ball
1-0: Fly out, F7 (Line Drive, 78XD)
Bottom of the 3rd over - 0 runs, 0 hits, 0 errors, 0 left on base; Florida 4 - Salt Lake City 0
TOP OF THE 4TH
Florida Men batting - Pitching for Salt Lake City Buzz : RHP Paco Manuel
Batting: LHB Alfred Miles 0-0: Called Strike
0-1: Ball
1-1: Foul Ball, location: 2F
1-2: Fly out, F8 (Flyball, 8RS)
Batting: RHB Henry Lambright 0-0: Called Strike
0-1: Swinging Strike
0-2: Ball
1-2: Foul Ball, location: 2F
1-2: Strikes out looking
Batting: RHB Mesa Altuve 0-0: DOUBLE (Flyball, 9D)
Batting: LHB Jim Halpert 0-0: Ball
1-0: Ball
2-0: Foul Ball, location: 2F
2-1: Ball
3-1: Base on Balls
Batting: RHB Todd Sentell 0-0: Swinging Strike
0-1: Ball
1-1: Fly out, F2 (Popup, 2LF)
Top of the 4th over - 0 runs, 1 hit, 0 errors, 2 left on base; Florida 4 - Salt Lake City 0
BOTTOM OF THE 4TH
Salt Lake City Buzz batting - Pitching for Florida Men : RHP Brad Cunnick
Batting: RHB Yoichibei Chikafuji 0-0: Ball
1-0: Foul Ball, location: 2F
1-1: Ball
2-1: Ground out 5-3 (Groundball, 5L)
Batting: RHB Germán Espantoso 0-0: Ball
1-0: SINGLE (Groundball, 56) (infield hit)
Batting: RHB Giobbe Bastedo 0-0: Grounds into double play, 6-4-3 (Groundball, 6)
Bottom of the 4th over - 0 runs, 1 hit, 0 errors, 0 left on base; Florida 4 - Salt Lake City 0
TOP OF THE 5TH
Florida Men batting - Pitching for Salt Lake City Buzz : RHP Paco Manuel
Pitching: LHP John Ashwood
Batting: LHB Shunso Kiyomizu 0-0: Called Strike
0-1: Foul Ball, location: 2F
0-2: Ball
1-2: Ball
2-2: Ball
3-2: Ground out 1-3 (Groundball, 13)
Batting: RHB Jorge Díaz 0-0: Called Strike
0-1: Ball
1-1: Ground out 6-3 (Groundball, 6)
Batting: SHB Seishiro Nishimura 0-0: Ball
1-0: Foul Ball, location: 2F
1-1: Ball
2-1: Fly out, F7 (Flyball, 7S)
Top of the 5th over - 0 runs, 0 hits, 0 errors, 0 left on base; Florida 4 - Salt Lake City 0
BOTTOM OF THE 5TH
Salt Lake City Buzz batting - Pitching for Florida Men : RHP Brad Cunnick
Batting: RHB Luo-lang Li 0-0: Fly out, F8 (Flyball, 8RM)
Batting: LHB Orlando Casillas 0-0: Ball
1-0: Ball
2-0: Ball
3-0: Called Strike
3-1: Base on Balls
Batting: RHB Vicente Cruz 0-0: Ball
1-0: Foul Ball, location: 2F
1-1: SINGLE (Groundball, 4MD)
Orlando Casillas to second
Runner from 2nd tries for 3rd, SAFE, no throw
Batting: RHB Fytor Ceia 0-0: Foul Ball, location: 2F
0-1: Called Strike
0-2: Ball
1-2: Ball
2-2: Ball
3-2: Base on Balls
Vicente Cruz to second
Batting: RHB Fontana Contaldo 0-0: SINGLE (Line Drive, 56D)
Orlando Casillas scores
Vicente Cruz to third
Fytor Ceia to second
Batting: RHB Olaf Esveld 0-0: Swinging Strike
0-1: Ball
1-1: Ball
2-1: Called Strike
2-2: Strikes out swinging
Batting: RHB Yoichibei Chikafuji 0-0: Ball
1-0: Called Strike
1-1: Ball
2-1: Foul Ball, location: 2F
2-2: Ball
3-2: Strikes out swinging
Bottom of the 5th over - 1 run, 2 hits, 0 errors, 3 left on base; Florida 4 - Salt Lake City 1
TOP OF THE 6TH
Florida Men batting - Pitching for Salt Lake City Buzz : LHP John Ashwood
Batting: RHB José Córdova 0-0: Ball
1-0: Called Strike
1-1: SINGLE (Groundball, 56D)
Batting: LHB Alfred Miles 0-0: Ball
1-0: Called Strike
1-1: Swinging Strike
1-2: Ball
2-2: Foul Ball, location: 2F
2-2: Strikes out swinging
Batting: RHB Henry Lambright 0-0: Ground out 4-3 (Groundball, 34)
José Córdova to second
Batting: RHB Mesa Altuve 0-0: Called Strike
0-1: SINGLE (Groundball, 6D)
José Córdova to third
Runner from 3rd tries for Home, throw and OUT!
Top of the 6th over - 0 runs, 2 hits, 0 errors, 1 left on base; Florida 4 - Salt Lake City 1
BOTTOM OF THE 6TH
Salt Lake City Buzz batting - Pitching for Florida Men : RHP Brad Cunnick
Batting: RHB Germán Espantoso 0-0: Called Strike
0-1: SINGLE (Groundball, 6MD)
Batting: RHB Giobbe Bastedo 0-0: Ball
1-0: Ball
Wild Pitch!
Germán Espantoso to second
2-0: Ball
3-0: Called Strike
3-1: Fly out, F8 (Flyball, 8LD)
Runner from 2nd tags up, SAFE at 3rd, no throw
Batting: RHB Luo-lang Li 0-0: Ball
1-0: Ball
2-0: Ball
3-0: Called Strike
3-1: Base on Balls
Batting: LHB Orlando Casillas 0-0: Ball
1-0: Fly out, F7 (Flyball, 7LM)
Runner from 3rd tags up, SCORES, no throw
Pitching: RHP Tomás Vargas
Batting: RHB Vicente Cruz 0-0: Ball
1-0: Foul Ball, location: 2F
1-1: Ball
2-1: Foul Ball, location: 2F
2-2: Strikes out swinging
Bottom of the 6th over - 1 run, 1 hit, 0 errors, 1 left on base; Florida 4 - Salt Lake City 2
TOP OF THE 7TH
Florida Men batting - Pitching for Salt Lake City Buzz : LHP John Ashwood
Batting: LHB Jim Halpert 0-0: Ball
1-0: Ground out 5-3 (Groundball, 56)
Batting: RHB Todd Sentell 0-0: Called Strike
0-1: Ball
1-1: Ground out 4-3 (Groundball, 4)
Batting: LHB Shunso Kiyomizu 0-0: Foul Ball, location: 2F
0-1: Ball
1-1: SINGLE (Line Drive, 6D)
Batting: RHB Jorge Díaz 0-0: Ball
1-0: Foul Ball, location: 2F
1-1: Ball
2-1: Ball
3-1: Fly out, F8 (Flyball, 8RM)
Top of the 7th over - 0 runs, 1 hit, 0 errors, 1 left on base; Florida 4 - Salt Lake City 2
BOTTOM OF THE 7TH
Salt Lake City Buzz batting - Pitching for Florida Men : RHP Tomás Vargas
Batting: RHB Fytor Ceia 0-0: Foul Ball, location: 2F
0-1: Called Strike
0-2: Ball
1-2: Strikes out swinging
Batting: RHB Fontana Contaldo 0-0: Ball
1-0: Ball
2-0: Swinging Strike
2-1: Foul Ball, location: 2F
2-2: Ball
3-2: SINGLE (Groundball, 56D)
Batting: RHB Olaf Esveld 0-0: Foul Ball, location: 2F
0-1: Ball
1-1: SINGLE (Line Drive, 8LS)
Fontana Contaldo to second
Pinch Hitting: LHB Jared Morningstar 0-0: Fly out, F7 (Flyball, 7LM)
Batting: RHB Germán Espantoso 0-0: Called Strike
0-1: Fielders Choice at 2nd, 6-4 (Groundball, 6)
Bottom of the 7th over - 0 runs, 2 hits, 0 errors, 2 left on base; Florida 4 - Salt Lake City 2
TOP OF THE 8TH
Florida Men batting - Pitching for Salt Lake City Buzz : LHP John Ashwood
Now at 1B: Chan-Wook Park
Batting: SHB Seishiro Nishimura 0-0: Ball
1-0: Ball
2-0: Fly out, F8 (Flyball, 8RS)
Batting: RHB José Córdova 0-0: Ball
1-0: Ball
2-0: Ball
3-0: Base on Balls
Batting: LHB Alfred Miles 0-0: Foul Ball, location: 2F
0-1: Ball
1-1: Ball
2-1: Ball
3-1: Foul Ball, location: 2F
3-2: Strikes out swinging
Batting: RHB Henry Lambright 0-0: Called Strike
0-1: Ball
1-1: Foul Ball, location: 2F
1-2: Foul Ball, location: 2F
1-2: Foul Ball, location: 2F
Pickoff Throw to First - Error! E1
José Córdova to second
1-2: Fly out, F2 (Popup, 25F)
Top of the 8th over - 0 runs, 0 hits, 1 error, 1 left on base; Florida 4 - Salt Lake City 2
BOTTOM OF THE 8TH
Salt Lake City Buzz batting - Pitching for Florida Men : RHP Tomás Vargas
Batting: RHB Giobbe Bastedo 0-0: Ball
1-0: Foul Ball, location: 2F
1-1: Foul Ball, location: 2F
1-2: Strikes out looking
Batting: RHB Luo-lang Li 0-0: Ball
1-0: Swinging Strike
1-1: Called Strike
1-2: Strikes out swinging
Batting: LHB Orlando Casillas 0-0: Ball
1-0: Ball
2-0: Called Strike
2-1: Swinging Strike
2-2: Strikes out swinging
Bottom of the 8th over - 0 runs, 0 hits, 0 errors, 0 left on base; Florida 4 - Salt Lake City 2
TOP OF THE 9TH
Florida Men batting - Pitching for Salt Lake City Buzz : LHP John Ashwood
Pitching: RHP Gregory Bahena
Batting: RHB Mesa Altuve 0-0: Called Strike
0-1: Called Strike
0-2: Ball
1-2: Ball
2-2: Ball
3-2: Ground out 6-3 (Groundball, 6)
Batting: LHB Jim Halpert 0-0: Called Strike
0-1: Ground out 6-3 (Groundball, 6M)
Batting: RHB Todd Sentell 0-0: Called Strike
0-1: Ball
1-1: Swinging Strike
1-2: Ground out 5-3 (Groundball, 56S)
Top of the 9th over - 0 runs, 0 hits, 0 errors, 0 left on base; Florida 4 - Salt Lake City 2
BOTTOM OF THE 9TH
Salt Lake City Buzz batting - Pitching for Florida Men : RHP Tomás Vargas
Pitching: RHP Lúcio Sánchez
Batting: RHB Vicente Cruz 0-0: Called Strike
0-1: Foul Ball, location: 2F
0-2: Ground out 5-3 (Groundball, 5S)
Batting: RHB Fytor Ceia 0-0: Swinging Strike
0-1: Fly out, F8 (Flyball, 8RM)
Batting: RHB Fontana Contaldo 0-0: Called Strike
0-1: Swinging Strike
0-2: Strikes out looking
Bottom of the 9th over - 0 runs, 0 hits, 0 errors, 0 left on base; Florida 4 - Salt Lake City 2
Saturday, December 22nd, 2018 - OOTP Baseball 18.8 Build 76